 Dungeon Crawl Stone Soup version 0.31.0-11-ge490571c62 (webtiles) character file.

Game seed: 12586123992360476909

316 Flugkiller the Chiller (level 6, 0/28 HPs)
             Began as a Vine Stalker Ice Elementalist on Feb 3, 2024.
             Slain by Grinder (1 damage)
             ... on level 4 of the Dungeon.
             The game lasted 00:03:49 (1291 turns).

Flugkiller the Chiller (VSIE)                       Turns: 1291, Time: 00:03:50

Health: 0/28       AC:  4    Str: 11    XL:     6   Next: 44%
Magic:  0/14       EV: 12    Int: 17    God:
Gold:   199        SH:  0    Dex: 14    Spells: 10/14 levels left

rFire   . . .        k - +2 hand axe (elec)
rCold   . . .        (no shield)
rNeg    . . .        a - +0 robe
rPois   .            q - +1 helmet
rElec   .            (no cloak)
rCorr   .            (no gloves)
SInv    .            (no boots)
Will    .....        (no amulet)
Stlth   ++           (no ring)
HPRegen 1.04/turn    (no ring)
MPRegen 0.14/turn

%: guardian spirit
@: attractive
A: fangs 2, regeneration 1, magic shield, antimagic bite, no potion heal 2
a: no special abilities


You were on level 4 of the Dungeon.
You visited 1 branch of the dungeon, and saw 4 of its levels.
You also visited: Sewer.

You collected 199 gold pieces.

Inventory:

Hand Weapons
 c - a +0 dagger
   (You took it off a kobold on level 1 of the Dungeon)
 j - a +0 halberd
   (You found it on level 2 of the Dungeon)
 k - a +2 hand axe of electrocution (weapon)
   (You took it off an orc on level 3 of the Dungeon)
Armour
 a - a +0 robe (worn)
 f - a scarf of shadows
   (You found it on level 3 of the Dungeon)
 q - a +1 helmet (worn)
   (You took it off Robin on level 3 of the Dungeon)
Scrolls
 e - 3 scrolls of silence
 h - a scroll of fog {unknown}
 s - a scroll of poison {unknown}
Potions
 b - a potion of magic
 l - 4 potions of enlightenment
 m - a potion of invisibility {unknown}
 n - a potion of cancellation {unknown}
 o - a potion of ambrosia {unknown}
 p - a potion of resistance {unknown}
 r - a potion of lignification {unknown}
 w - a potion of heal wounds


   Skills:
 - Level 1.5 Dodging
 - Level 2.4 Stealth
 + Level 4.9 Spellcasting
 + Level 6.0 Ice Magic


You had 10 spell levels left.
You knew the following spells:

 Your Spells              Type           Power      Damage    Failure   Level
a - Freeze                Ice            96%        1d10      1%          1
b - Frozen Ramparts       Ice            48%        1d8       3%          3

Your spell library contained the following spells:

 Spells                   Type           Power      Damage    Failure   Level
 Ozocubu's Armour         Ice            24%        N/A       3%          3
 Summon Ice Beast         Ice/Summ       14%        N/A       12%         3
 Call Imp                 Summ           8%         N/A       22%         2
 Sublimation of Blood     Necr           4%         N/A       22%         2
 Summon Hydra             Summ           2%         N/A       100%        7


Dungeon Overview and Level Annotations

Branches:
Dungeon (4/15) Zot: 22810   Sewer (visited)
 Temple: D:4-7

Altars:

Annotations:
D:4 Grinder


Innate Abilities, Weirdness & Mutations

You have extremely sharp teeth.
Your natural rate of healing is unusually fast.
When hurt, damage is shared between your health and your magic reserves.
Your bite disrupts and absorbs the magic of your enemies.
Potions cannot restore your health.


Message History

You hit the endoplasm.
Lightning courses through the endoplasm!!
You kill the endoplasm!
No target in view!
An iguana comes into view.
Casting: Frozen Ramparts (dangerous; 4% risk of failure)
Confirm with . or Enter, or press ? or * to list all spells.
You miscast Frozen Ramparts.
You are very lightly contaminated with residual magic.
Nothing appears to happen.
Casting: Frozen Ramparts (dangerous; 4% risk of failure)
Confirm with . or Enter, or press ? or * to list all spells.
The walls around you are covered in ice.
The wall freezes the iguana.
The iguana seems to slow down.
Casting: Frozen Ramparts (dangerous; 4% risk of failure)
Confirm with . or Enter, or press ? or * to list all spells.
You don't know that spell.
Okay, then.
The wall freezes the iguana.
You closely miss the iguana.
The iguana is moderately wounded.
The wall freezes the iguana but does no damage.
The iguana closely misses you.
You hit the iguana. Lightning courses through the iguana!
You kill the iguana!
No target in view!
The frozen ramparts melt away as you move.
Your magical contamination has completely faded away.
You open the door.
An orc wizard and 2 orcs come into view.
The orc shouts!
There is an open door here.
You closely miss the orc. Your bite misses the orc. The orc barely misses you.
The orc misses you. The orc closely misses you.
Unknown command.
Casting: Frozen Ramparts (dangerous; 3% risk of failure)
Confirm with . or Enter, or press ? or * to list all spells.
The walls around you are covered in ice.
The wall freezes the orc.
The orc hits you but does no damage.
The wall freezes the orc but does no damage.
The wall freezes the orc wizard.
You barely miss the orc. You bite the orc.
You kill the orc!
The wall freezes the orc.
The wall freezes the orc wizard.
You completely miss the orc. Your bite misses the orc.
The orc is almost dead.
The wall freezes the orc.
You kill the orc!
The wall freezes the orc wizard.
The orc wizard points at you and mumbles some strange words.
The magic dart hits you.
Okay, then.
Okay, then.
The wall freezes the orc wizard but does no damage.
The wall freezes the orc wizard!
You kill the orc wizard!
Your Ice Magic skill increases to level 6!
The frozen ramparts melt away as you move.
There is an open door here.
Items here: ))) [[ ††.
Found 4 stones.
Grinder comes into view.
Unknown command.
It was a potion of heal wounds.
That seemed strangely inert.
w - a potion of heal wounds It was a potion of curing.
That felt strangely inert.
It was a potion of attraction.
You feel attractive to monsters.
You closely miss Grinder. Grinder hits you.
You writhe in agony.
Grinder hits you.
You writhe in agony.
You barely miss Grinder. Your bite misses Grinder. Grinder closely misses you.
You hit Grinder. Lightning courses through Grinder!
Grinder is heavily wounded.
Grinder says, "Don't move a muscle."
Grinder barely misses you.
You hit Grinder.
Grinder is heavily wounded.
Grinder hits you.
You writhe in agony.
You slash Grinder!
Grinder is severely wounded.
Grinder hits you!
You writhe in agony.
Grinder sighs, "No one appreciates my work."
Grinder gestures at you.
You suddenly lose the ability to move!
Grinder gestures at you.
You struggle to resist.
Grinder hits you.
You writhe in agony.
Grinder hits you.
* * * LOW HITPOINT WARNING * * *
You writhe in agony.
* * * LOW HITPOINT WARNING * * *
You can move again.
You hit Grinder. You bite Grinder.
Grinder's magic leaks into the air.
You drain her magic.
You feel invigorated.
Grinder is almost dead.
Grinder hits you!
* * * LOW HITPOINT WARNING * * *
You writhe in agony.
You die...
Grinder says, "Hey, I wasn't done torturing you yet!"

# ######.###### #.#
#.# ##)## ##...## #
## ##.....##
##.#.######.......#
#.....(............#
#.....@............+
#....5###..........#
#..#.# #.#.......##
#.... #.##.....##
.## #.###...## # #.#
#+## #.# ..#


You could see Grinder (magic disrupted).

Vanquished Creatures
  A brain worm (Sewer)
  An iguana (D:4)
  2 orc wizards
  Robin (D:3)
  9 adders
  A river rat (D:3)
  A dart slug (D:1)
  A ribbon worm (Sewer)
  10 orcs
  3 endoplasms
  A giant cockroach (D:2)
  11 goblins
  6 hobgoblins
  2 jackals
  3 kobolds
  A quokka (D:3)
  2 ball pythons
  7 bats
  2 frilled lizards
  5 rats
70 creatures vanquished.

Notes
Turn   | Place    | Note
-------+----------+-------------------------------------------
     0 | D:1      | Flugkiller the Vine Stalker Ice Elementalist began the
                  | quest for the Orb.
     0 | D:1      | Reached XP level 1. HP: 9/9 MP: 4/4
   130 | D:1      | Reached XP level 2. HP: 13/13 MP: 3/6
   262 | D:2      | Reached XP level 3. HP: 11/16 MP: 2/8
   583 | D:3      | Learned a level 3 spell: Frozen Ramparts
   609 | D:3      | Reached XP level 4. HP: 21/21 MP: 3/10
   633 | D:3      | Reached skill level 5 in Ice Magic
   760 | D:3      | Reached XP level 5. HP: 24/24 MP: 6/11
   770 | D:3      | Found a glowing drain.
   774 | Sewer    | Entered a sewer
   923 | Sewer    | Reached XP level 6. HP: 23/28 MP: 4/13
  1114 | D:3      | Noticed Robin
  1119 | D:3      | Killed Robin
  1270 | D:4      | Reached skill level 6 in Ice Magic
  1278 | D:4      | Noticed Grinder
  1287 | D:4      | Paralysed by Grinder for 4 turns
  1291 | D:4      | HP: 1/28 [Grinder (6)]
  1291 | D:4      | Slain by Grinder

Illustrated notes

Levels and vault maps discovered:
D:1:      shiori_shiawase, layout_basic,
          dreamdust_ecumenical_altar_drowned_temple, minmay_tetromino_s4
D:2:      layout_basic, grunt_decor_mini_mirrors, uniq_natasha
D:3:      layout_rooms, gup_sewer_entry_spiral, kennysheep_cross_room,
          uniq_robin
D:4:      layout_loops_corners, minmay_distorted, uniq_eustachio, uniq_grinder

Skill      XL: |  1  2  3  4  5  6 |
---------------+-------------------+-----
Spellcasting   | 3 4 |  4.9
Ice Magic      | 5 6 |  6.0
Dodging        | |  1.5
Stealth        | |  2.4

Action                     |  1- 3 |  4- 6 || total
---------------------------+-------+-------++-------
  Melee: Dagger            |    52 |       ||    52
         Bite              |    17 |    10 ||    27
         Unarmed           |     1 |       ||     1
         Halberd           |     6 |       ||     6
         Hand axe          |     1 |    67 ||    68
   Cast: Freeze            |    15 |       ||    15
         Frozen Ramparts   |     2 |     7 ||     9
    Use: Scroll            |       |     1 ||     1
         Potion            |       |     3 ||     3
   Stab: Sleeping          |       |     2 ||     2
 Armour: Robe              |    52 |    52 ||   104
  Dodge: Dodged            |    57 |    54 ||   111
